 Dungeon Crawl Stone Soup version 0.21.1-1-g345015f (webtiles) character file.

263 johnjohn the Cudgeler (level 5, 0/54 HPs)
             Began as a Troll Berserker on May 27, 2018.
             Was a Believer of Trog.
             Slain by an orc
             ... wielding a +0 trident
              (3 damage)
             ... on level 4 of the Dungeon.
             The game lasted 00:13:43 (2873 turns).

johnjohn the Cudgeler (Troll Berserker)             Turns: 2873, Time: 00:13:44

Health: 0/54       AC:  5    Str: 25    XL:     5   Next: 98%
Magic:  4/4        EV: 10    Int:  3    God:    Trog [**....]
Gold:   143        SH:  0    Dex: 10    Spells: 4/4 levels left

rFire    . . .     SeeInvis .   a - +0 mace
rCold    . . .     Gourm    +   (no shield)
rNeg     . . .     Faith    .   b - +0 animal skin
rPois    +         Spirit   .   (helmet restricted)
rElec    .         Reflect  .   (no cloak)
rCorr    .         Harm     .   (gloves unavailable)
MR       .....                  (boots unavailable)
Stlth    +.........             (no amulet)
HPRegen  0.58/turn              l - ring of poison resistance
MPRegen  0.09/turn              (no ring)

@: no status effects
A: large, unfitting armour, claws 3, fast metabolism 3, gourmand, regeneration
1, shaggy fur 1, tough skin 2
a: Berserk, Trog's Hand, Burn Spellbooks, Renounce Religion


You were on level 4 of the Dungeon.
You worshipped Trog.
Trog was pleased with you.
You were very full.

You visited 1 branch of the dungeon, and saw 4 of its levels.

You collected 143 gold pieces.

Inventory:

Hand Weapons
 a - a +0 mace (weapon)
 p - a +1 hand axe of distortion
Armour
 b - a +0 animal skin (worn)
Jewellery
 l - a ring of poison resistance (left claw)
Scrolls
 d - a scroll of random uselessness {unknown}
 f - 4 scrolls of remove curse
 g - 3 scrolls of teleportation
 h - a scroll of identify {unknown}
 n - a scroll of blinking {unknown}
 o - a scroll of magic mapping {unknown}
 r - a scroll of fear {unknown}
Potions
 e - a potion of agility {unknown}
 i - 3 potions of heal wounds {unknown}
 j - 4 potions of brilliance {unknown}
 k - a potion of cancellation {unknown}
 m - 3 potions of curing {unknown}
 q - a potion of lignification {unknown}
Comestibles
 c - 6 rations
 s - a chunk of flesh


   Skills:
 + Level 3.7 Fighting
 * Level 5.2 Maces & Flails
 - Level 2.4 Dodging


You had 4 spell levels left.
You didn't know any spells.

Dungeon Overview and Level Annotations

Branches:
Dungeon (4/15)
 Temple: D:4-7

Altars:
Cheibriados
Uskayaw

Annotations:
D:3 Sigmund
D:4 1 runed door


Innate Abilities, Weirdness & Mutations

You are too large for most types of armour.
You have claws for hands.
Your metabolism is lightning-fast.
You like to eat raw meat.
Your natural rate of healing is unusually fast.
You are covered in fur. (AC +1)
You have very tough skin. (AC +2)


Message History

Things that are here:
a mace; a leather armour; an adder corpse You closely miss the orc.
The orc barely misses you. The orc hits you but does no damage.
You hit the orc.
The orc is heavily wounded.
The orc hits you from afar with a trident.
* * * LOW HITPOINT WARNING * * *
The orc hits you with a mace.
* * * LOW HITPOINT WARNING * * *
You completely miss the orc.
The orc is heavily wounded.
The orc hits you from afar with a trident!
* * * LOW HITPOINT WARNING * * *
The orc closely misses you. x2
You hit the orc but do no damage.
The orc is heavily wounded.
The orc closely misses you.
The orc hits you from afar with a trident.
You die...

.................................
.............................>...
#.......#................#.......
...<#####........................
.......##........................
.......#####....##...............
.......# #....###..............
.......# #....###.######.......
.......# #....@o...............
.......# #....##o.#............
.......# #....##..#.. ...######
.......# #....##.... .......#
#....##..... .......# #....#
#...... .......# #....# ).....
.......# #....# #..... .......#


You could see 2 orcs.

Vanquished Creatures
  A crimson imp (D:4)
  A hound (D:4)
  An orc priest (D:4)
  An iguana (D:4)
  5 adders
  4 oozes
  4 worms
  A dart slug (D:3)
  5 leopard geckos
  4 orcs
  6 bats
  5 giant cockroaches
  6 goblins
  7 hobgoblins
  6 kobolds
  2 quokkas
  3 frilled lizards
  6 rats
68 creatures vanquished.

Notes
Turn   | Place    | Note
-------+----------+-------------------------------------------
     0 | D:1      | johnjohn the Troll Berserker began the quest for the Orb.
     0 | D:1      | Reached XP level 1. HP: 22/22 MP: 0/0
    66 | D:1      | Reached skill level 3 in Maces & Flails
    84 | D:1      | Reached XP level 2. HP: 29/29 MP: 1/1
   740 | D:2      | Reached ** piety under Trog
   768 | D:2      | Reached XP level 3. HP: 31/36 MP: 2/2
  1012 | D:2      | Found a hide-covered altar of Uskayaw.
  1388 | D:3      | Noticed Sigmund
  1654 | D:3      | Found a snail-covered altar of Cheibriados.
  1662 | D:3      | Reached skill level 4 in Maces & Flails
  1662 | D:3      | Reached XP level 4. HP: 45/45 MP: 3/3
  2201 | D:4      | Noticed a phantom
  2315 | D:4      | Reached XP level 5. HP: 4/53 MP: 4/4
  2315 | D:4      | HP: 2/53 [giant cockroach (2)]
  2595 | D:4      | Found a runed door.
  2667 | D:4      | Reached skill level 5 in Maces & Flails
  2873 | D:4      | Slain by an orc

Skill      XL: |  1  2  3  4  5 |
---------------+----------------+-----
Maces & Flails | 3 4 5 |  5.2
Fighting       | 3 |  3.7
Dodging        | |  2.4

Action                   |  1- 3 |  4- 6 || total
-------------------------+-------+-------++-------
Melee: Mace              |   116 |   155 ||   271
  Use: Scroll            |       |     2 ||     2
  Eat: Chunk             |    18 |    14 ||    32
Armor: Animal skin       |    42 |    74 ||   116
Dodge: Dodged            |    57 |   129 ||   186
